[Event "ICC tourney 2155 (40 10)"]
[Site "Internet Chess Club"]
[Date "2020.11.22"]
[Round "1"]
[White "mrneale"]
[Black "arconsul2"]
[Result "0-1"]
[ICCResult "White resigns"]
[WhiteElo "1585"]
[BlackElo "1772"]
[Opening "Queen's pawn game"]
[ECO "D02"]
[NIC "QP.08"]
[Time "11:01:52"]
[TimeControl "2400+10"]

1. d4 d5 2. Nf3 e6 3. Bf4 Bd6 4. Be5 Nf6 5. e3 c5 6. c3 Nc6 7. Bd3 cxd4 8.
exd4 Qc7 9. Bb5 Bd7 10. Bxc6 bxc6 11. Bxd6 Qxd6 12. Ne5 O-O 13. Nd2 c5 14.
Nxd7 Nxd7 15. dxc5 Nxc5 16. O-O Rab8 17. Nb3 Nxb3 18. axb3 Qb6 19. b4 Rfd8
20. Qe2 d4 21. Ra6 d3 22. Rxb6 dxe2 23. Rxb8 exf1=Q+ 24. Kxf1 Rxb8 25. Ke2
Kf8 26. Kd3 Ke7 27. Kc4 Kd6 28. Kb3 e5 29. c4 f5 30. Ka4 e4 31. Ka5 f4 32.
c5+ Kc6 {White resigns} 0-1

[Event "ICC tourney 2155 (40 10)"]
[Site "Internet Chess Club"]
[Date "2020.11.22"]
[Round "1"]
[White "Priccchess"]
[Black "avats"]
[Result "1-0"]
[ICCResult "Black checkmated"]
[WhiteElo "1785"]
[BlackElo "1585"]
[Opening "French: exchange variation"]
[ECO "C01"]
[NIC "FR.01"]
[Time "11:01:43"]
[TimeControl "2400+10"]

1. e4 e6 2. d4 d5 3. exd5 exd5 4. Nf3 Nf6 5. h3 Be7 6. Bd3 O-O 7. O-O c6 8.
Ne5 Be6 9. c3 h6 10. f4 Qc8 11. f5 Bd7 12. Qf3 Rd8 13. Be3 Be8 14. Nd2 Bd6
15. Rae1 Nbd7 16. Bf4 Nb6 17. g4 Nh7 18. h4 f6 19. Ng6 Qd7 20. Bxd6 Qxd6 21.
Re6 Qc7 22. Rfe1 Bf7 23. Re7 Rd7 24. R7e2 Rad8 25. Qf4 Qxf4 26. Nxf4 Na8 27.
b4 a6 28. Nb3 Nb6 29. Nc5 Rc7 30. Nfe6 Bxe6 31. Nxe6 Rcd7 32. Nxd8 Rxd8 33.
Re8+ Rxe8 34. Rxe8+ Kf7 35. Rb8 Nf8 36. Rxb7+ Nfd7 37. Bxa6 Ke8 38. Rc7 Kf7
39. Bc8 Ke7 40. Bxd7 Nxd7 41. Rxc6 Kd8 42. Rd6 Ke7 43. Rxd7+ Kxd7 44. a4 Kc7
45. Kf2 Kc6 46. Ke3 Kb6 47. Kf4 Kc6 48. h5 Kb6 49. Ke3 Kc7 50. Kd3 Kd6 51.
c4 Kc6 52. a5 dxc4+ 53. Kxc4 Kb7 54. b5 Kc7 55. Kc5 g5 56. d5 Kb7 57. d6 Kc8
58. Kd5 Kd7 59. a6 Kc8 60. Ke6 Kb8 61. Kxf6 Ka7 62. Kg6 Kb6 63. Kxh6 Kxb5
64. Kxg5 Kxa6 65. d7 Ka7 66. d8=Q Kb7 67. h6 Ka7 68. h7 Ka6 69. h8=R Kb5 70.
Qc8 Ka4 71. Rh7 Kb3 72. Rc7 Ka2 73. Rc6 Ka1 74. Rc1+ Kb2 75. Qc2+ Ka3 76.
Qc3+ Ka4 77. Qb2 Ka5 78. Ra1# {Black checkmated} 1-0

[Event "ICC tourney 2155 (40 10)"]
[Site "Internet Chess Club"]
[Date "2020.11.22"]
[Round "1"]
[White "parallax"]
[Black "sillytiger"]
[Result "1-0"]
[ICCResult "Black resigns"]
[WhiteElo "1735"]
[BlackElo "1382"]
[Opening "Sicilian defense"]
[ECO "B20"]
[NIC "SI.48"]
[Time "11:02:01"]
[TimeControl "2400+10"]

1. e4 c5 2. a3 Nc6 3. b4 cxb4 4. axb4 Nxb4 5. c3 Nc6 6. d4 d5 7. exd5 Qxd5
8. Na3 Nf6 9. Nb5 Qd8 10. d5 Ne5 11. Bf4 Nfd7 12. Nf3 f6 13. Nxe5 Nxe5 14.
Bxe5 fxe5 15. Qh5+ Kd7 16. Qxe5 Qb6 17. Bd3 g6 18. Qxh8 Bh6 19. O-O Bg5 20.
Qxh7 {Black resigns} 1-0

[Event "ICC tourney 2155 (40 10)"]
[Site "Internet Chess Club"]
[Date "2020.11.22"]
[Round "1"]
[White "yanje03"]
[Black "SK-2005"]
[Result "0-1"]
[ICCResult "White resigns"]
[WhiteElo "1472"]
[BlackElo "1738"]
[Opening "Ruy Lopez: Berlin defense, open variation"]
[ECO "C67"]
[NIC "RL.07"]
[Time "11:02:00"]
[TimeControl "2400+10"]

1. e4 e5 2. Nf3 Nc6 3. Bb5 Nf6 4. O-O Nxe4 5. d4 Nd6 6. Bxc6 dxc6 7. dxe5
Nf5 8. Qxd8+ Kxd8 9. Bg5+ Ke8 10. Nc3 h6 11. Bf4 Be6 12. Rad1 g5 13. Bc1 Bc5
14. Ne4 Be7 15. b3 Kf8 16. Nf6 Kg7 17. Bb2 Kg6 18. g4 Ng7 19. h4 h5 20.
gxh5+ Nxh5 21. hxg5 Nf4 22. Rfe1 Rh3 23. Re3 Rah8 24. Nh2 Rxh2 25. f3 Bc5
26. Bd4 Bxd4 27. Rxd4 Ne2+ 28. Rxe2 Rxe2 29. f4 Rxc2 30. a3 Rc3 31. b4 Bf5
32. Rd8 Rxd8 {White resigns} 0-1

[Event "ICC tourney 2155 (40 10)"]
[Site "Internet Chess Club"]
[Date "2020.11.22"]
[Round "1"]
[White "Supersky"]
[Black "jonathanh6"]
[Result "0-1"]
[ICCResult "White checkmated"]
[WhiteElo "1312"]
[BlackElo "1715"]
[Opening "Queen's pawn game"]
[ECO "A46"]
[NIC "QP.06"]
[Time "11:01:44"]
[TimeControl "2400+10"]

1. d4 Nf6 2. Nf3 c5 3. e3 Nc6 4. Bd3 e6 5. O-O d5 6. c3 Bd6 7. Nbd2 O-O 8.
e4 dxe4 9. Nxe4 cxd4 10. cxd4 Be7 11. Be3 Nd5 12. Bg5 Bxg5 13. Nexg5 Nf6 14.
a3 Ne7 15. Rc1 Ng6 16. Bxg6 hxg6 17. Ne5 Bd7 18. b4 Rc8 19. Rxc8 Qxc8 20.
Qc1 Nd5 21. Nxd7 Qxd7 22. Qc5 b6 23. Qc2 Rc8 24. Qb2 Nf4 25. Qd2 Qxd4 26.
Qxd4 Ne2+ 27. Kh1 Nxd4 28. Rd1 f6 29. Ne4 Rd8 30. h4 Kf7 31. Rc1 Rd7 32. g3
Ke7 33. Kg2 Nf5 34. Kh3 Nd6 35. Nd2 Nb5 36. Nb1 Rc7 37. Re1 Nd4 38. a4 Rc4
39. a5 Rxb4 40. axb6 axb6 41. Nc3 Rb3 42. Na4 e5 43. Rc1 Kd6 44. Nc3 f5 45.
Kg2 e4 46. Nd1 b5 47. Ne3 b4 48. Rc4 Nc6 49. Nf1 Rc3 50. Rxc3 bxc3 51. Ne3
Nd4 52. Kf1 c2 53. Nxc2 Nxc2 54. Ke2 Nd4+ 55. Ke3 Ne6 56. Ke2 Ke5 57. Ke3
Kd5 58. Ke2 Kd4 59. Kd2 Nc5 60. Ke2 Nd3 61. f3 Ne5 62. f4 Ng4 63. Kd2 e3+
64. Ke2 Kc3 65. Ke1 Kd3 66. Kd1 e2+ 67. Ke1 Ke3 68. h5 Nh2 69. hxg6 Nf3#
{White checkmated}
0-1

[Event "ICC tourney 2155 (40 10)"]
[Site "Internet Chess Club"]
[Date "2020.11.22"]
[Round "1"]
[White "VincentT2008"]
[Black "Clairehouses"]
[Result "0-1"]
[ICCResult "White resigns"]
[WhiteElo "1727"]
[BlackElo "1590"]
[Opening "QGD: exchange, positional line"]
[ECO "D35"]
[NIC "QO.16"]
[Time "11:01:53"]
[TimeControl "2400+10"]

1. d4 Nf6 2. c4 e6 3. Nc3 d5 4. cxd5 exd5 5. Bg5 Be7 6. e3 O-O 7. Bd3 c6 8.
Qc2 h6 9. Bh4 Re8 10. Nge2 Nbd7 11. O-O Nf8 12. f3 Ne6 13. Rad1 b6 14. e4
dxe4 15. Bxe4 Nxe4 16. Bxe7 Qxe7 17. fxe4 Bb7 18. Ng3 Rad8 19. Qf2 Qc7 20.
Nf5 c5 21. d5 Ng5 22. Rde1 Ba6 23. h4 Nh7 24. d6 Qd7 25. Ne7+ Rxe7 26. dxe7
Qxe7 27. Nd5 Qb7 28. Qf4 Bxf1 29. Rxf1 Rd7 30. Qe5 Nf8 31. Rf2 Ng6 32. Qe8+
Nf8 33. Rf3 f6 34. Rg3 Rf7 35. Rg6 Kh7 36. Rg3 Kg8 37. Rg6 Kh7 38. Rg3 Kg8
39. Nf4 Re7 40. Qd8 Qxe4 41. Nd5 Rf7 42. Nxf6+ Rxf6 43. Qxf6 Qe1+ 44. Kh2
Qxg3+ {White resigns} 0-1

[Event "ICC tourney 2155 (40 10)"]
[Site "Internet Chess Club"]
[Date "2020.11.22"]
[Round "1"]
[White "aakashjr"]
[Black "keb2020"]
[Result "1-0"]
[ICCResult "Black checkmated"]
[WhiteElo "1623"]
[BlackElo "1810"]
[Opening "Pirc defense"]
[ECO "B07"]
[NIC "PU.04"]
[Time "11:01:45"]
[TimeControl "2400+10"]

1. e4 d6 2. d4 Nf6 3. Nc3 g6 4. f3 c6 5. Be3 b5 6. a3 a5 7. d5 Ba6 8. b4 Qd7
9. Qd2 h5 10. Bb6 Bg7 11. Nge2 axb4 12. axb4 O-O 13. Be3 Kh7 14. Nd4 Qb7 15.
Nb3 cxd5 16. Na5 Qc8 17. Bd4 dxe4 18. fxe4 Nc6 19. Nxc6 Qxc6 20. Bd3 Rfc8
21. Ra3 e5 22. Be3 Ng4 23. O-O Nxe3 24. Qxe3 Qd7 25. Nd5 Qa7 26. Qxa7 Rxa7
27. Rfa1 f5 28. Rxa6 Rxa6 29. Rxa6 fxe4 30. Bxe4 Rc4 31. Bd3 Rd4 32. Rxd6 e4
33. Bxb5 Kh6 34. Kf2 Rd2+ 35. Ke3 Rxg2 36. Kxe4 Rxh2 37. Bd3 h4 38. Kf3 Be5
39. Rxg6+ Kh5 40. Nf4+ Bxf4 41. Kxf4 Rf2+ 42. Ke3 Rf8 43. Rg1 h3 44. Be2+
Kh4 45. Rg4+ Kh5 46. Rf4+ Kg5 47. Rxf8 h2 48. Rh8 h1=Q 49. Rxh1 Kf6 50. Rd1
Ke5 51. b5 Ke6 52. b6 Ke5 53. b7 Kf5 54. b8=Q Ke6 55. Qe8+ Kf5 56. Rf1+ Kg5
57. Qg8+ Kh6 58. Rh1# {Black checkmated} 1-0

[Event "ICC tourney 2155 (40 10)"]
[Site "Internet Chess Club"]
[Date "2020.11.22"]
[Round "1"]
[White "ruitang"]
[Black "cdj12417489"]
[Result "1/2-1/2"]
[ICCResult "Game drawn because neither player has mating material"]
[WhiteElo "1635"]
[BlackElo "1272"]
[Opening "Caro-Kann: exchange variation"]
[ECO "B13"]
[NIC "VO.17"]
[Time "11:02:30"]
[TimeControl "2400+10"]

1. e4 d5 2. exd5 c6 3. d4 cxd5 4. Nf3 Nf6 5. c4 Bg4 6. Nc3 Nc6 7. Be3 e6 8.
h3 Bxf3 9. Qxf3 Be7 10. Rd1 Qa5 11. a3 Ne4 12. Rc1 Nxc3 13. Rxc3 Bxa3 14.
Bd2 Bb4 15. Rd3 Bxd2+ 16. Rxd2 Nxd4 17. Qc3 Qxc3 18. bxc3 Nc6 19. cxd5 exd5
20. Rxd5 O-O 21. Bd3 Rfe8+ 22. Kd2 Rad8 23. Rxd8 Rxd8 24. Kc2 h6 25. Rb1 b6
26. Ra1 a5 27. Rb1 Rb8 28. Be4 Ne5 29. Bd5 Kf8 30. f4 Nd7 31. c4 Ke7 32.
Re1+ Kf8 33. Kb3 Re8 34. Rxe8+ Kxe8 35. Ka4 f6 36. Kb5 Kd8 37. Be6 Nf8 38.
Bg4 Kc7 39. c5 bxc5 40. Kxc5 a4 41. Kb4 Kd6 42. Kxa4 Ne6 43. g3 Nc5+ 44. Kb5
Ne4 45. Kc4 Nxg3 46. Kd4 f5 47. Bf3 Ke6 48. Bd5+ Kf6 49. Bf3 h5 50. h4 Nf1
51. Bxh5 Nd2 52. Kd3 Ne4 53. Bf3 Nc5+ 54. Kc2 Ne6 55. Kd3 Nxf4+ 56. Ke3 Ng6
57. h5 Ne5 58. Be2 Kg5 59. Kd4 Ng4 60. Bd3 Kxh5 61. Bxf5 g5 62. Ke4 Kh4 63.
Kf3 Nh6 64. Be6 g4+ 65. Bxg4
{Game drawn because neither player has mating material}
1/2-1/2

[Event "ICC tourney 2155 (40 10)"]
[Site "Internet Chess Club"]
[Date "2020.11.22"]
[Round "2"]
[White "SK-2005"]
[Black "aakashjr"]
[Result "0-1"]
[ICCResult "White resigns"]
[WhiteElo "1703"]
[BlackElo "1617"]
[Opening "Scandinavian defense"]
[ECO "B01"]
[NIC "SD.03"]
[Time "13:19:11"]
[TimeControl "2400+10"]

1. e4 d5 2. exd5 Nf6 3. Nf3 Nxd5 4. Nc3 Bf5 5. Bc4 Nxc3 6. bxc3 e6 7. Rb1
Be4 8. O-O Bd6 9. Re1 Bc6 10. d4 O-O 11. Bd3 h6 12. Be4 Bxe4 13. Rxe4 Nd7
14. Rh4 Be7 15. Rh3 Bf6 16. Be3 Nb6 17. Qc1 Nd5 18. Bxh6 Nxc3 19. Rxb7 Ne2+
20. Kf1 Nxc1 21. Bxc1 Rb8 {White resigns} 0-1

[Event "ICC tourney 2155 (40 10)"]
[Site "Internet Chess Club"]
[Date "2020.11.22"]
[Round "2"]
[White "jonathanh6"]
[Black "Priccchess"]
[Result "0-1"]
[ICCResult "White resigns"]
[WhiteElo "1631"]
[BlackElo "1779"]
[Opening "Vienna game"]
[ECO "C25"]
[NIC "VG.04"]
[Time "13:19:06"]
[TimeControl "2400+10"]

1. e4 e5 2. Nc3 d6 3. Bc4 Nf6 4. d3 Be7 5. f4 Nc6 6. Nf3 O-O 7. O-O Bg4 8.
h3 Bxf3 9. Qxf3 Nd4 10. Qf2 a6 11. Be3 c5 12. Nd5 h6 13. Nxe7+ Qxe7 14. c3
Nc6 15. Bb3 Nd7 16. f5 Na5 17. Qg3 Kh8 18. Bc2 Rac8 19. Qg4 Nf6 20. Qh4 Nc6
21. Rf3 Nh7 22. f6 gxf6 23. Qxh6 Rg8 24. Raf1 Rg6 25. Qh4 Nd4 26. cxd4 cxd4
27. Bb3 dxe3 28. Rxe3 Rcg8 29. g4 Qd7 30. Ref3 Rxg4+ 31. hxg4 Rxg4+ 32. Qxg4
Qxg4+ 33. Kf2 Ng5 34. Rg3 Nh3+ 35. Kg2 Nf4+ 36. Kf2 Nh3+ 37. Kg2 Qe2+ 38.
Kxh3 Qxf1+ 39. Kg4 Qf4+ 40. Kh3 Qh6+ 41. Kg2 Qd2+ 42. Kh3 Qxb2 43. Bxf7 Qf2
44. Bb3 f5 45. exf5 Qxf5+ 46. Rg4 Qxd3+ 47. Kh4 d5 48. Rg5 Qd4+ 49. Kh5 e4
50. Rxd5 Qf6 51. Rg5 e3 52. Bc4 Qf3+ 53. Kh6 Qc6+ 54. Rg6 Qxc4 55. Rg2 Qc6+
56. Rg6 Qxg6+ 57. Kxg6 e2 58. a4 e1=Q 59. a5 Qxa5 60. Kf7 Qe1 61. Kg6 Qe6+
62. Kg5 Qf7 63. Kh4 Qg6 64. Kh3 a5 {White resigns} 0-1

[Event "ICC tourney 2155 (40 10)"]
[Site "Internet Chess Club"]
[Date "2020.11.22"]
[Round "2"]
[White "yanje03"]
[Black "mrneale"]
[Result "1-0"]
[ICCResult "Black checkmated"]
[WhiteElo "1498"]
[BlackElo "1569"]
[Opening "King's pawn opening"]
[ECO "B07"]
[NIC "VO.17"]
[Time "13:19:19"]
[TimeControl "2400+10"]

1. e4 d6 2. d4 Nd7 3. Nc3 e5 4. d5 Be7 5. Be3 Ngf6 6. f3 Nf8 7. Qd2 Ng6 8.
O-O-O O-O 9. g4 Nf4 10. Bxf4 exf4 11. Kb1 g5 12. Qf2 Kg7 13. h4 h6 14. Bd3
Nd7 15. hxg5 hxg5 16. Nge2 Ne5 17. Rh2 Bxg4 18. Rdh1 Nxd3 19. Rh7+ Kg8 20.
Rh8+ Kg7 21. R1h7+ Kf6 22. cxd3 c5 23. Rh6+ Kg7 24. R8h7+ Kg8 25. fxg4 Bf6
26. Qh2 Bxc3 27. Nxc3 f6 28. Rxb7 Rf7 29. Rh8+ Kg7 30. Qh6# {Black
checkmated} 1-0

[Event "ICC tourney 2155 (40 10)"]
[Site "Internet Chess Club"]
[Date "2020.11.22"]
[Round "2"]
[White "Clairehouses"]
[Black "ruitang"]
[Result "1/2-1/2"]
[ICCResult "Game drawn by mutual agreement"]
[WhiteElo "1570"]
[BlackElo "1644"]
[Opening "Grünfeld: exchange, Spassky variation"]
[ECO "D87"]
[NIC "GI.05"]
[Time "13:19:20"]
[TimeControl "2400+10"]

1. d4 Nf6 2. c4 g6 3. Nc3 d5 4. cxd5 Nxd5 5. e4 Nxc3 6. bxc3 Bg7 7. Bc4 O-O
8. Ne2 c5 9. O-O Nc6 10. Be3 Qa5 11. Qc2 Rd8 12. Rfd1 e6 13. Rab1 Qc7 14.
Bf4 Qe7 15. e5 b6 16. Be3 Bb7 17. f4 Na5 18. Bd3 Bd5 19. c4 Bc6 20. dxc5
bxc5 21. Nc3 Nb7 22. Ne4 Rd7 23. Nc3 Rad8 24. Be4 Rxd1+ 25. Rxd1 Rxd1+ 26.
Qxd1 Bxe4 27. Nxe4 Bf8 28. Nf6+ Kg7 29. Qe1 Qd8 30. Qe2 Be7 31. Ne4 Qa5 32.
h3 Qb4 33. Kh2 Qb1 34. Nc3 Qb4 35. Ne4 Qb1 {Game drawn by mutual agreement}
1/2-1/2

[Event "ICC tourney 2155 (40 10)"]
[Site "Internet Chess Club"]
[Date "2020.11.22"]
[Round "2"]
[White "keb2020"]
[Black "SunnyCountry"]
[Result "1-0"]
[ICCResult "Black checkmated"]
[WhiteElo "1838"]
[BlackElo "1311"]
[Opening "Van't Kruijs opening"]
[ECO "A00"]
[Time "13:19:23"]
[TimeControl "2400+10"]

1. e3 e5 2. b3 Nc6 3. Bb2 d6 4. h3 a6 5. Ne2 Nf6 6. d4 exd4 7. Nxd4 Bd7 8.
Be2 Be7 9. g4 d5 10. Nd2 Nxd4 11. Bxd4 c5 12. Bb2 Bc6 13. Rg1 h6 14. Nf3 b5
15. Qd2 g5 16. Ne5 Bb7 17. O-O-O Rg8 18. f3 Rc8 19. Qe1 Qb6 20. h4 c4 21.
hxg5 Qxe3+ 22. Kb1 hxg5 23. Bd4 Qf4 24. Bf1 Nd7 25. Nxd7 Kxd7 26. Be5 Qxf3
27. Rg3 Qh1 28. Rh3 Qg1 29. Bd4 Qxg4 30. Re3 Qxd1+ 31. Qxd1 Rge8 32. Bh3+
Kd8 33. Bb6+ Rc7 34. Qg4 cxb3 35. Qd7# {Black checkmated} 1-0

[Event "ICC tourney 2155 (40 10)"]
[Site "Internet Chess Club"]
[Date "2020.11.22"]
[Round "2"]
[White "arconsul2"]
[Black "parallax"]
[Result "1-0"]
[ICCResult "Black resigns"]
[WhiteElo "1767"]
[BlackElo "1691"]
[Opening "English: symmetrical, Botvinnik system reversed"]
[ECO "A30"]
[NIC "EO.64"]
[Time "13:19:09"]
[TimeControl "2400+10"]

1. c4 c5 2. g3 g6 3. Bg2 Bg7 4. Nf3 e5 5. Nc3 Nc6 6. O-O d6 7. a3 f5 8. d3
Nf6 9. e4 O-O 10. Nd5 Be6 11. Bg5 h6 12. Nxf6+ Bxf6 13. Bxh6 Rf7 14. Qd2
fxe4 15. Ng5 Bxg5 16. Bxg5 Qd7 17. Bxe4 Nd4 18. Qd1 Bf5 19. Bd5 Be6 20. Bxe6
Qxe6 21. f4 exf4 22. Bxf4 Ne2+ 23. Kg2 Nxf4+ 24. Rxf4 Rxf4 25. gxf4 Qf5 26.
Qf3 Re8 27. Rg1 b6 28. Kh1 Kf7 29. h4 Re7 30. Rg5 Qf6 31. Qf2 Qe6 32. f5
Qe1+ 33. Qxe1 Rxe1+ 34. Kh2 Re2+ 35. Kh3 Re3+ 36. Rg3 Rxg3+ 37. Kxg3 gxf5
38. Kf4 Kg6 39. b4 Kh5 40. Kxf5 Kxh4 41. Ke6 Kg4 42. Kxd6 cxb4 43. axb4 Kf4
44. c5 {Black resigns} 1-0

[Event "ICC tourney 2155 (40 10)"]
[Site "Internet Chess Club"]
[Date "2020.11.22"]
[Round "2"]
[White "sillytiger"]
[Black "VincentT2008"]
[Result "0-1"]
[ICCResult "White resigns"]
[WhiteElo "1380"]
[BlackElo "1754"]
[Opening "English opening"]
[ECO "A10"]
[NIC "EO.64"]
[Time "13:19:19"]
[TimeControl "2400+10"]

1. c4 g6 2. Nc3 Bg7 3. g3 Nf6 4. Bg2 d6 5. Nf3 O-O 6. d3 Nc6 7. O-O Rb8 8.
Bd2 a6 9. a4 Bd7 10. Rb1 e5 11. b4 Re8 12. b5 axb5 13. cxb5 Ne7 14. a5 Qc8
15. Re1 Bh3 16. Bh1 c6 17. b6 Ned5 18. Ng5 h6 19. Nxh3 Qxh3 20. Bg2 Qd7 21.
Qa4 Nxc3 22. Bxc3 d5 23. d4 e4 24. Qa3 Ra8 25. Bb4 Red8 26. Bc5 Ne8 27. e3
Nd6 28. Bxd6 Qxd6 29. Qc3 Rdc8 30. Bh3 f5 31. Bf1 c5 32. a6 cxd4 33. Qa5 Rc5
34. Rb5 Rxb5 35. Bxb5 bxa6 36. b7 Rb8 37. Qxa6 Qc7 38. Bc6 d3 39. Kf1 d4 40.
Qa8 dxe3 41. fxe3 Kh7 42. Rc1 Be5 43. Ke1 Qb6 44. Kf2 Qb2+ 45. Kg1 Qxc1+
{White resigns}
0-1

[Event "ICC tourney 2155 (40 10)"]
[Site "Internet Chess Club"]
[Date "2020.11.22"]
[Round "2"]
[White "cdj12417489"]
[Black "Threehundreds"]
[Result "0-1"]
[ICCResult "White resigns"]
[WhiteElo "1251"]
[BlackElo "1472"]
[Opening "Giuoco Piano"]
[ECO "C54"]
[NIC "IG.02"]
[Time "13:19:15"]
[TimeControl "2400+10"]

1. e4 e5 2. Bc4 Nc6 3. Nf3 Bc5 4. c3 Nf6 5. d3 a6 6. h3 h6 7. Qe2 O-O 8. Be3
Bxe3 9. Qxe3 d6 10. O-O Re8 11. Re1 Na5 12. Nbd2 Nxc4 13. dxc4 Be6 14. b3 b6
15. Nf1 Nh5 16. Rad1 Nf4 17. Nxe5 Qf6 18. Ng4 Bxg4 19. hxg4 Re7 20. g3 Nh3+
21. Kg2 Ng5 22. f3 Rae8 23. Qd3 Ne6 24. b4 Ng5 25. Nh2 Qg6 26. b5 a5 27. a4
Ne6 28. e5 Qxd3 29. Rxd3 Nc5 30. Rde3 Rxe5 31. Rxe5 Rxe5 32. Kf2 Nd3+ 33.
Kg2 Nxe1+ 34. Kh3 Nd3 35. f4 Re8 36. Nf3 Nc5 37. Nd2 Nxa4 38. Nb3 Nxc3 39.
Nd4 a4 40. Nc2 Nb1 41. Nb4 a3 42. Kg2 Nc3 43. Kf3 a2 44. Nxa2 Nxa2 45. f5
Nb4 46. Kf4 c6 47. bxc6 Nxc6 48. c5 bxc5 49. g5 hxg5+ 50. Kxg5 c4
{White resigns}
0-1

[Event "ICC tourney 2155 (40 10)"]
[Site "Internet Chess Club"]
[Date "2020.11.22"]
[Round "3"]
[White "VincentT2008"]
[Black "jonathanh6"]
[Result "1-0"]
[ICCResult "Black resigns"]
[WhiteElo "1756"]
[BlackElo "1570"]
[Opening "Kevitz-Trajkovich defense"]
[ECO "A50"]
[NIC "QP.07"]
[Time "15:34:03"]
[TimeControl "2400+10"]

1. d4 Nf6 2. c4 Nc6 3. Nc3 e5 4. d5 Ne7 5. e4 Ng6 6. Be3 Bb4 7. Qc2 O-O 8.
f3 d6 9. Ne2 Nh5 10. Qd2 Nf6 11. g4 h6 12. Ng3 Nh7 13. Be2 Qf6 14. O-O-O a5
15. Rdg1 a4 16. a3 Bxc3 17. Qxc3 Nf4 18. Qd2 Nxe2+ 19. Qxe2 Ng5 20. Nf5 Nh7
21. h4 Bxf5 22. g5 hxg5 23. hxg5 Qg6 24. exf5 Qxf5 25. Qh2 Qg6 26. Rg4 Qd3
27. Re4 f5 28. g6 Rfe8 29. Qxh7+ Kf8 30. Bg5 Qxd5 31. cxd5 {Black resigns}
1-0

[Event "ICC tourney 2155 (40 10)"]
[Site "Internet Chess Club"]
[Date "2020.11.22"]
[Round "3"]
[White "parallax"]
[Black "yanje03"]
[Result "0-1"]
[ICCResult "White resigns"]
[WhiteElo "1619"]
[BlackElo "1507"]
[Opening "Sicilian defense"]
[ECO "B20"]
[NIC "SI.48"]
[Time "15:34:00"]
[TimeControl "2400+10"]

1. e4 c5 2. a3 e6 3. b4 cxb4 4. axb4 Bxb4 5. c3 Be7 6. d4 d6 7. Nf3 Nf6 8.
Bd3 Nc6 9. O-O e5 10. d5 Nb8 11. c4 O-O 12. h3 Nbd7 13. Nc3 Nc5 14. Bc2 b6
15. Ne1 Ba6 16. Qe2 Rc8 17. Be3 Bxc4 18. Nd3 Ncxe4 19. Nxe4 Nxe4 20. Bxb6
Nc3 21. Qe1 Qxb6 22. Qxc3 Bxd5 23. Qd2 Bxg2 24. Kxg2 Qc6+ 25. Kg1 Qxc2 26.
Qxc2 Rxc2 27. Rxa7 Bh4 28. Rd7 Rd8 29. Ra7 g6 30. Rd1 e4 31. Nb4 Bxf2+ 32.
Kf1 Bxa7 {White resigns} 0-1

[Event "ICC tourney 2155 (40 10)"]
[Site "Internet Chess Club"]
[Date "2020.11.22"]
[Round "3"]
[White "mrneale"]
[Black "sillytiger"]
[Result "1-0"]
[ICCResult "Black resigns"]
[WhiteElo "1577"]
[BlackElo "1372"]
[Opening "Dutch"]
[ECO "A80"]
[NIC "HD.12"]
[Time "15:35:13"]
[TimeControl "2400+10"]

1. d4 f5 2. Nf3 g6 3. Bf4 Nf6 4. e3 Bg7 5. Nbd2 O-O 6. c3 d6 7. h3 Qe8 8.
Bd3 Nbd7 9. O-O e5 10. dxe5 dxe5 11. Bc4+ Kh8 12. Bh2 b6 13. Ng5 Nc5 14. b4
Ne6 15. Bxe6 Bxe6 16. Bxe5 Bxa2 17. Bxc7 Bd5 18. Bd6 Rg8 19. c4 Bb7 20. Qa4
h6 21. Qxe8 Rgxe8 22. Nf7+ Kg8 23. Ne5 Red8 24. c5 bxc5 25. bxc5 Ne8 26.
Ndc4 a5 27. f4 Bd5 28. Nb6 Ra6 29. Nxd5 Nxd6 30. cxd6 Rdxd6 31. Rfd1 g5 32.
Ne7+ Kh7 33. Rxd6 Rxd6 34. Nxf5 Bxe5 35. fxe5 Re6 36. Rxa5 Kg6 37. g4 h5 38.
Kf2 hxg4 39. hxg4 Rb6 40. Nd4 Kf7 41. Ra7+ Ke8 42. Rg7 {Black resigns} 1-0

[Event "ICC tourney 2155 (40 10)"]
[Site "Internet Chess Club"]
[Date "2020.11.22"]
[Round "3"]
[White "Threehundreds"]
[Black "keb2020"]
[Result "0-1"]
[ICCResult "White resigns"]
[WhiteElo "1469"]
[BlackElo "1841"]
[Opening "Sicilian: Taimanov variation"]
[ECO "B48"]
[NIC "SI.40"]
[Time "15:34:21"]
[TimeControl "2400+10"]

1. e4 c5 2. Nf3 e6 3. d4 cxd4 4. Nxd4 Nc6 5. Nc3 Qc7 6. Be3 a6 7. Qd2 Nf6 8.
f3 Bb4 9. a3 Be7 10. g4 h6 11. O-O-O d6 12. h4 Bd7 13. Bg2 b5 14. g5 Ng8 15.
Kb1 Nxd4 16. Bxd4 e5 17. Be3 Be6 18. Nd5 Bxd5 19. Qxd5 Rc8 20. Qd2 a5 21.
Bh3 Rb8 22. Bg2 b4 23. axb4 Rxb4 24. Qd3 Qb8 25. Qc3 Qb7 26. Rd5 a4 27. Bd2
Rb5 28. Rxb5 Qxb5 29. Qc8+ Bd8 30. Bf1 Qb6 31. Qa6 Qxa6 32. Bxa6 hxg5 33.
Bb5+ Kf8 34. Bxa4 gxh4 35. b4 Nf6 36. Be3 d5 37. Bc5+ Be7 38. Bxe7+ Kxe7 39.
exd5 Nxd5 40. b5 Nc3+ 41. Kb2 Nxa4+ 42. Kb3 Nb6 43. Kb4 Kd6 44. c4 Kc7 45.
c5 Nd5+ 46. Kc4 Ne3+ 47. Kb4 h3 48. c6 h2 49. Kc5 Nf5 50. b6+ Kc8 51. c7 Ng3
52. Ra1 h1=Q 53. Ra8+ Kd7 {White resigns} 0-1

[Event "ICC tourney 2155 (40 10)"]
[Site "Internet Chess Club"]
[Date "2020.11.22"]
[Round "3"]
[White "ruitang"]
[Black "SK-2005"]
[Result "1/2-1/2"]
[ICCResult "Game drawn by mutual agreement"]
[WhiteElo "1647"]
[BlackElo "1694"]
[Opening "Ruy Lopez: Berlin defense, open variation"]
[ECO "C67"]
[NIC "RL.07"]
[Time "15:34:18"]
[TimeControl "2400+10"]

1. e4 e5 2. Nf3 Nc6 3. Bb5 Nf6 4. O-O Nxe4 5. Re1 Nd6 6. Bxc6 dxc6 7. Nxe5
Be7 8. d4 O-O 9. c3 Nf5 10. Nd2 c5 11. Ndf3 cxd4 12. cxd4 c6 13. Bf4 Bb4 14.
Re2 Be6 15. a3 Ba5 16. b4 Bb6 17. Rd2 Re8 18. Rc1 Bd5 19. Ne1 Qe7 20. Nc2
Rad8 21. Ne3 Nxd4 22. Rxd4 Bxd4 23. Qxd4 Bxg2 24. Qc5 Qxc5 25. Rxc5 Be4 26.
Rc4 Bd3 27. Rc3 Be4 28. N5c4 Re6 29. h4 Rg6+ 30. Kh2 h6 31. Na5 Rd2 32. Bg3
f5 33. Nac4 Re2 34. Ne5 Rf6 35. Ng2 Bxg2 36. Kxg2 f4 37. Ng4 Rg6 38. Kf3
fxg3 39. Kxe2 Rxg4 40. fxg3 Kf7 41. Kf3 h5 42. Rc5 g6 43. b5 Ra4 44. bxc6
Rxa3+ 45. Kf4 bxc6 46. Rxc6 a5 47. Ra6 a4 48. g4 Ra1 49. gxh5 gxh5 50. Ke3
a3 51. Kf3 a2 52. Kg2 Kg7 53. Kh2 Kf7 54. Kg2 Rb1 55. Rxa2 Rb5 56. Rf2+ Kg6
57. Kg3 Rb3+ 58. Rf3 Rb4 59. Rf4 Rb3+ 60. Rf3 Rxf3+ 61. Kxf3 Kf5 62. Kg3 Ke4
63. Kh2 Kf4 64. Kh1 Kg4 65. Kg2 Kxh4 66. Kh2 Kg4 67. Kg2 h4 68. Kh2 h3
{Game drawn by mutual agreement}
1/2-1/2

[Event "ICC tourney 2155 (40 10)"]
[Site "Internet Chess Club"]
[Date "2020.11.22"]
[Round "3"]
[White "aakashjr"]
[Black "Clairehouses"]
[Result "1-0"]
[ICCResult "Black checkmated"]
[WhiteElo "1631"]
[BlackElo "1556"]
[Opening "Sicilian: Najdorf, 6...e6"]
[ECO "B95"]
[NIC "SI.04"]
[Time "15:33:57"]
[TimeControl "2400+10"]

1. e4 c5 2. Nf3 d6 3. d4 cxd4 4. Nxd4 Nf6 5. Nc3 a6 6. Bg5 e6 7. Qf3 Be7 8.
g4 Qc7 9. O-O-O b5 10. Bg2 Bb7 11. h4 Nbd7 12. Bxf6 Bxf6 13. g5 Be7 14. Bh3
Nc5 15. a3 Qb6 16. b4 Nd7 17. Bxe6 fxe6 18. Nxe6 g6 19. Nd5 Bxd5 20. exd5
Ne5 21. Qc3 Bd8 22. f4 Nf7 23. Rhe1 Kd7 24. Qg7 Be7 25. Qxf7 Rae8 26. Rd3
Kc8 27. Rc3+ Kb8 28. Rc7 Bd8 29. Rd7 Rhf8 30. Qxh7 Rxf4 31. Qxg6 Rff8 32.
Rd1 Qe3+ 33. Kb1 Rg8 34. Qd3 Qe5 35. Qd4 Qxd4 36. Rxd4 Bb6 37. Rf4 Rc8 38.
Rff7 Ka8 39. Nc7+ Bxc7 40. Rxc7 Rxc7 41. Rxc7 Rh8 42. g6 Rxh4 43. g7 Rh1+
44. Kb2 Rg1 45. Rc8+ Kb7 46. g8=Q Rxg8 47. Rxg8 Kb6 48. Rg6 Kc7 49. Kc3 Kd7
50. Kd4 Kc7 51. Rg7+ Kb6 52. c4 bxc4 53. Kxc4 a5 54. Rd7 axb4 55. Kxb4 Ka6
56. Rxd6+ Kb7 57. Rc6 Kb8 58. Rc1 Kb7 59. d6 Kb8 60. d7 Kb7 61. d8=Q Ka6 62.
Qa5+ Kb7 63. Rc7+ Kb8 64. Qa7# {Black checkmated} 1-0